 Dungeon Crawl Stone Soup version 0.28-a0-43-g560ac104fe (webtiles) character file.

Game seed: 10786215107975630485

636 Blejac999 the Magician (level 7, -4/47 HPs)
             Began as a Djinni Conjurer on July 28, 2021.
             Splashed by Maggie's acid (9 damage)
             ... on level 6 of the Dungeon.
             The game lasted 00:09:26 (4676 turns).

Blejac999 the Magician (Djinni Conjurer)            Turns: 4676, Time: 00:09:27

Health: -4/47      AC: -2    Str:  6    XL:     7   Next: 79%
Gold:   147        EV: 16    Int: 21    God:
                   SH:  0    Dex: 12

rFire   + + .      SeeInvis .   (no weapon)
rCold   x . .      Faith    .   (no shield)
rNeg    . . .      Spirit   .   a - +0 robe
rPois   ∞          Reflect  .   (no helmet)
rElec   .          Harm     .   (no cloak)
rCorr   .          Rampage  .   (no gloves)
Will    .....                   (boots unavailable)
Stlth   ++........              (no amulet)
HPRegen 0.15/turn               c - +4 ring of evasion
MPRegen 0.00/turn               (no ring)

@: corroded, flying
A: sickness immunity, fire resistance 2, cold vulnerability 1, float, innate
caster, hp casting, extra vitality 1
a: no special abilities


You were on level 6 of the Dungeon.
You visited 1 branch of the dungeon, and saw 6 of its levels.

You collected 147 gold pieces.

Inventory:

Armour
 a - a +0 robe (worn)
Jewellery
 c - a +4 ring of evasion (left hand)
 e - a ring of fire
Scrolls
 b - a scroll of enchant weapon
 d - a scroll of fog
 g - a scroll of enchant armour {unknown}
 h - a scroll of vulnerability {unknown}
 i - a scroll of immolation {unknown}
Potions
 f - a potion of curing


   Skills:
 + Level 1.1 Fighting
 + Level 3.3 Dodging
 + Level 3.0 Stealth
 + Level 6.1 Spellcasting


You couldn't memorise any spells.
You knew the following spells:

 Your Spells              Type           Power      Damage    Failure   Level
a - Magic Dart            Conj           100%       1d8       1%          1
b - Searing Ray           Conj           64%        3d5       1%          2
c - Dazzling Flash        Conj/Hex       64%        N/A       2%          3
d - Fulminant Prism       Conj/Hex       16%        3d11      8%          4
e - Iskenderun's Mystic   Conj/Tloc      32%        2d8       8%          4
f - Apportation           Tloc           64%        N/A       1%          1
g - Slow                  Hex            32%        N/A       1%          2
h - Poisonous Vapours     Pois/Air       64%        N/A       1%          2
Your spell library was empty.

Dungeon Overview and Level Annotations

Branches:
Dungeon (6/15)
 Temple: D:4-7

Altars:
Hepliaklqana

Shops:
D:2 =(=(:

Annotations:
D:6 Maggie


Innate Abilities, Weirdness & Mutations

You are immune to sickness and miasma.
You are immune to poison.
Your flesh is very heat resistant. (rF++)
You are vulnerable to cold. (rC-)
You float through the air rather than walking.
You learn spells naturally, not from books.
Your magical power is your life essence.
You have superior vitality. (+4 HP)


Message History

The ogre is lightly wounded.
The magic dart hits the ogre but does no damage.
The ogre is lightly wounded.
The magic dart hits the ogre.
The ogre is moderately wounded.
Casting: Magic Dart (safe; 1% risk of failure)
Confirm with . or Enter, or press ? or * to list all spells.
Aiming: Searing Ray (safe; 1% risk of failure)
Press: ? - help, Shift-Dir - straight line, f/p - ogre
Aim: an ogre, wielding a +0 giant club (moderately wounded, 90% to hit)
The searing ray hits the ogre!
The ogre is almost dead. (Press . to maintain the ray.) Unknown command.
The searing ray hits the ogre!
You kill the ogre!
Your Stealth skill increases to level 3!
You start resting.
HP restored.
Maggie the Vainglorious comes into view.
She is wielding a +2 glaive of flaming and carrying a wand of acid (2).
Maggie shouts!
Maggie casts a spell.
Maggie attempts to bespell you! You resist with some effort.
You see here 3 gold pieces.
Casting: Searing Ray (safe; 1% risk of failure)
Confirm with . or Enter, or press ? or * to list all spells.
Aiming: Searing Ray (safe; 1% risk of failure)
Press: ? - help, Shift-Dir - straight line, f - Maggie
Aim: Maggie, wielding a +2 glaive of flaming, wearing +0 steam dragon scales and carrying a wand of acid (2) (81% to hit)
The searing ray misses Maggie. (Press . to maintain the ray.) Maggie points at you and mumbles some strange words.
The bolt of fire hits you! You resist.
The searing ray hits Maggie!
Maggie is lightly wounded.
Maggie zaps a wand.
The bolt of acid hits you!!
Ouch! That really hurt!
* * * LOW HITPOINT WARNING * * *
The acid corrodes you!
You are splashed with acid!
You die...

#.........
#........# .
#........#
..##........
..........
.........#
#.....# #..@.##
##)...@#
#..##...# #..#
##.... ####
##.## #....
....##..# ...#
........# ..#
########...##
.#
.....##......##


You could see Maggie.

Vanquished Creatures
  A sky beast (D:6)
  A black bear (D:4)
  An ogre (D:6)
  A centaur skeleton (D:6)
  2 orc priests (D:4)
  2 hounds
  An orc wizard (D:4)
  2 hound skeletons
  3 gnolls (D:4)
  7 adders
  3 worms
  A dart slug (D:2)
  7 orcs (D:4)
  2 bats (D:1)
  4 endoplasms
  4 giant cockroaches
  3 goblins
  7 hobgoblins
  6 jackals
  3 quokkas
  6 ball pythons
  A frilled lizard (D:1)
  4 kobolds
  A rat (D:2)
73 creatures vanquished.

Notes
Turn   | Place    | Note
-------+----------+-------------------------------------------
     0 | D:1      | Blejac999 the Djinni Conjurer began the quest for the Orb.
     0 | D:1      | Reached XP level 1. HP: 15/15 MP: 0/0
     1 | D:1      | Noticed an electric eel
   325 | D:1      | Reached XP level 2. HP: 14/21 MP: 0/0
   673 | D:1      | You are sucked into a shaft and drop 1 floor!
   714 | D:2      | Found Wefiesu's Jewellery Shop.
  1041 | D:2      | Found Zapteykhupt's Jewellery Shoppe.
  1134 | D:2      | Found Huitaas's Book Shop.
  1160 | D:2      | Reached XP level 3. HP: 21/25 MP: 0/0
  1160 | D:2      | Learned a level 1 spell: Apportation
  1229 | D:2      | Found Syothriti's Antique Weapon Boutique.
  1243 | D:2      | Found Ipitzise's Weapon Shoppe.
  1285 | D:2      | Reached skill level 4 in Spellcasting
  1499 | D:2      | Reached XP level 4. HP: 7/31 MP: 0/0
  2045 | D:2      | Found a faded altar of an unknown god.
  2922 | D:3      | Reached XP level 5. HP: 29/35 MP: 0/0
  2922 | D:3      | Learned a level 2 spell: Slow
  3329 | D:3      | You are sucked into a shaft and drop 1 floor!
  3563 | D:4      | Reached skill level 5 in Spellcasting
  3563 | D:4      | Reached XP level 6. HP: 30/41 MP: 0/0
  3785 | D:4      | Noticed a black bear
  3788 | D:4      | Killed a black bear
  3789 | D:4      | Reached skill level 1 in Fighting
  4067 | D:4      | Found a hazy altar of Hepliaklqana.
  4112 | D:4      | Reached XP level 7. HP: 23/47 MP: 0/0
  4112 | D:4      | Learned a level 2 spell: Poisonous Vapours
  4146 | D:4      | You are sucked into a shaft and drop 2 floors!
  4422 | D:5      | Entered Level 5 of the Dungeon
  4568 | D:6      | Reached skill level 6 in Spellcasting
  4673 | D:6      | Noticed Maggie
  4676 | D:6      | Splashed by Maggie's acid

Illustrated notes

Levels and vault maps discovered:
D:1:      arrival_aquarium_a, layout_rooms, minmay_pentomino_r2
D:2:      layout_basic, serial_shops, shop, shop, shop_statue,
          nicolae_shop_waterfront, nicolae_shop_window_shopping,
          shapermc_ecumenical_altar_notcrosses
D:3:      layout_basic, chequers_serial_rivers_marsh,
          chequers_serial_rivers_large_a, hangedman_abyss_or_decor_lesser_grid
D:4:      layout_cave_pools, mainiacjoe_overflow_tiny_flanked,
          old_standard_altar
D:5:      layout_gridville, serial_shops, shop, nicolae_ossuary_entry_plus,
          ebering_ghost_disaster_area, minmay_between, uniq_menkaure
D:6:      layout_layer_cave, uniq_maggie

Skill      XL: |  1  2  3  4  5  6  7 |
---------------+----------------------+-----
Spellcasting   | 4 5 6 |  6.1
Stealth        | 2 3 |  3.0
Fighting       | 1 |  1.1
Dodging        | 3 |  3.3

Action                   |  1- 3 |  4- 6 |  7- 9 || total
-------------------------+-------+-------+-------++-------
 Cast: Magic Dart        |    55 |    75 |    13 ||   143
       Searing Ray       |     1 |     7 |     7 ||    15
  Use: Scroll            |     4 |       |       ||     4
       Potion            |     2 |     1 |       ||     3
Armor: Robe              |     1 |     3 |     2 ||     6
Dodge: Dodged            |    12 |    26 |    10 ||    48

Table legend: (Time is in decaauts)
 A = Elapsed time spent in this place.
 B = Non-inter-level travel time spent in this place.
 C = Inter-level travel time spent in this place.
 D = Time resting spent in this place.
 E = Time spent auto-exploring this place.
 F = Levels seen in this place.
 G = Mean time per level.
                   A        B        C        D        E       F      G
               +--------+--------+--------+--------+--------+-----+--------+
         Total |   4678 |   4578 |    100 |   1052 |   3057 |   6 |  779.7 |
       Dungeon |   4678 |   4578 |    100 |   1052 |   3057 |   6 |  779.7 |
               +--------+--------+--------+--------+--------+-----+--------+

Top non-repeatable levels by time:
     D:2: 1655 daAuts
     D:3: 983 daAuts
     D:1: 964 daAuts
     D:4: 545 daAuts
     D:6: 527 daAuts
     D:5: 2 daAuts
